Map: [ESL] Inside and Out

Players

Nina - Winner!

  • Race: Protoss Protoss
  • Spawn Location: 7:00

trigger

  • Race: Protoss Protoss
  • Spawn Location: 1:00

Event: DreamHack SC2 Masters 2022 Atlanta (Online)

VOD

Have the link to the VOD?

Description

Time

  • Played on: Oct. 14, 2022, 3:54 p.m.
  • Length: 16:17

All games in this series

Show
View Real Time Build Order
Export as new Build Order

Nina Protoss - Winner!

Build Orders: Oracle Opening 

Get SALT Encoding   

  12  0:00  Probe  
  13  0:12  Probe  
  14  0:18  Pylon  
  14  0:24  Probe (Chrono Boost)  
  15  0:36  Probe (Chrono Boost)  
  15  0:37  Gateway  
  16  0:45  Probe (Chrono Boost)  
  16  0:48  Assimilator  
  17  0:51  Probe  
  18  1:01  Assimilator  
  18  1:03  Probe (Chrono Boost)  
  19  1:06  Pylon  
  19  1:13  Probe (Chrono Boost)  
  19  1:18  Probe (Chrono Boost)  
  20  1:20  Pylon  
  21  1:27  Cybernetics Core  
  21  1:32  Zealot  
  23  1:35  Probe  
  24  1:43  Pylon  
  24  1:47  Probe  
  26  2:06  Stargate  
  25  2:19  Nexus  
  25  2:23  Probe  
  25  2:29  Stalker (Chrono Boost)  
  26  2:36  Probe  
  29  2:38  Warp Gate  
  29  2:45  Pylon  
  29  2:48  Probe  
  30  3:03  Stalker (Chrono Boost)  
  30  3:05  Probe  
  33  3:06  Shield Battery  
  33  3:12  Shield Battery  
  33  3:17  Probe  
  34  3:25  Twilight Council  
  34  3:29  Probe  
  35  3:34  Stalker (Chrono Boost)  
  35  3:37  Probe  
  38  3:43  Probe  
  38  3:49  Probe  
  38  3:51  Oracle (Chrono Boost)  
  38  3:55  Probe  
  43  4:01  Probe  
  44  4:06  Dark Shrine  
  44  4:07  Probe  
  43  4:18  Probe (Chrono Boost)  
  43  4:23  Probe (Chrono Boost)  
  44  4:25  Gateway  
  44  4:30  Blink (Chrono Boost), Probe (Chrono Boost), Stalker  
  47  4:35  Probe (Chrono Boost)  
  47  4:37  Probe (Chrono Boost)  
  49  4:44  Pylon  
  50  4:45  Probe  
  50  4:48  Probe  
  51  4:53  Gateway  
  51  5:00  Probe  
  51  5:01  Probe  
  51  5:04  Gateway  
  50  5:08  Stalker  
  50  5:12  Probe  
  50  5:13  Probe  
  54  5:16  Assimilator  
  54  5:20  Dark Templar  
  55  5:22  Pylon  
  55  5:24  Probe  
  56  5:30  Probe  
  56  5:31  Dark Templar  
  59  5:36  Probe  
  59  5:38  Pylon x2  
  60  5:53  Nexus  
  60  6:01  Dark Templar  
  60  6:03  Pylon  
  62  6:04  Probe  
  61  6:12  Stalker x3  
  65  6:20  Probe  
  65  6:22  Assimilator  
  65  6:23  Gateway  
  66  6:30  Probe  
  65  6:34  Stalker x2  
  65  6:35  Stalker  
  65  6:39  Shield Battery  
  71  6:45  Robotics Facility  
  71  6:46  Probe  
  72  6:53  Stalker  
  72  6:54  Probe  
  75  6:59  Forge  
  75  7:00  Probe  
  76  7:05  Probe (Chrono Boost)  
  76  7:06  Probe (Chrono Boost), Stalker  
  80  7:10  Stalker  
  80  7:13  Probe (Chrono Boost)  
  83  7:18  Probe x2 (Chrono Boost)  
  83  7:19  Stalker  
  83  7:20  Sentry  
  90  7:23  Probe (Chrono Boost)  
  90  7:24  Probe (Chrono Boost)  
  90  7:25  Probe (Chrono Boost)  
  90  7:26  Protoss Ground Weapons Level 1 (Chrono Boost)  
  90  7:28  Probe  
  91  7:33  Probe  
  91  7:34  Observer (Chrono Boost)  
  91  7:36  Probe  
  95  7:40  Probe  
  95  7:41  Pylon  
  96  7:44  Photon Cannon  
  96  7:45  Probe  
  96  7:46  Pylon  
  98  7:52  Probe  
  98  7:57  Probe  
  100  7:58  Pylon  
  100  8:00  Sentry  
  100  8:01  Stalker x3  
  100  8:04  Observer  
  108  8:11  Nexus  
  108  8:12  Probe x2  
  110  8:14  Assimilator  
  110  8:17  Stalker  
  112  8:23  Stalker, Assimilator, Pylon  
  112  8:24  Probe  
  112  8:26  Probe  
  116  8:30  Stalker  
  116  8:31  Stalker  
  120  8:36  Gateway  
  120  8:38  Observer  
  120  8:41  Pylon  
  120  8:42  Gateway  
  120  8:45  Probe  
  120  8:47  Stalker  
  123  8:48  Observer  
  123  8:49  Stalker  
  123  8:54  Stalker  
  127  8:55  Stalker  
  127  9:01  Pylon  
  129  9:03  Shield Battery, Probe x2  
  129  9:05  Probe  
  132  9:11  Dark Templar  
  132  9:12  Protoss Ground Weapons Level 2 (Chrono Boost)  
  132  9:13  Stalker  
  136  9:20  Gateway  
  136  9:21  Probe  
  137  9:28  Dark Templar x2  
  133  9:35  Dark Templar  
  133  9:37  Stalker x2  
  133  9:40  Zealot  
  122  9:46  Zealot  
  122  9:47  Probe  
  101  10:00  Observer, Probe  
  101  10:01  Photon Cannon, Stalker x5  
  108  10:09  Probe, Stalker x2  
  108  10:10  Charge  
  111  10:15  Stalker  
  111  10:17  Probe  
  114  10:22  Probe x2  
  114  10:23  Probe  
  114  10:25  Shield Battery  
  114  10:27  Zealot x3  
  123  10:30  Probe  
  120  10:37  Stalker x2  
  120  10:38  Probe  
  124  10:44  Probe, Stalker x3  
  124  10:49  Stalker x2  
  120  11:10  Dark Templar x4  
  120  11:11  Dark Templar x2  
  124  11:17  Assimilator  
  120  11:20  Assimilator  
  120  11:23  Probe  
  120  11:24  Robotics Bay  
  121  11:26  Nexus  
  121  11:27  Pylon  
  121  11:30  Probe  
  121  11:32  Probe  
  123  11:33  Dark Templar, Pylon  
  123  11:35  Dark Templar  
  123  11:38  Photon Cannon  
  123  11:39  Pylon  
  127  11:43  Photon Cannon  
  127  11:46  Photon Cannon  
  127  11:48  Stalker x2  
  127  11:49  Shield Battery  
  127  11:50  Probe  
  127  11:51  Robotics Facility  
  127  11:52  Protoss Ground Weapons Level 3 (Chrono Boost)  
  132  12:01  Stalker x2  
  136  12:10  Zealot x3  
  136  12:11  Zealot x2  
  144  12:16  Disruptor (Chrono Boost), Zealot  
  144  12:20  Robotics Facility  
  149  12:25  Shadow Stride (Chrono Boost)  
  149  12:26  Photon Cannon  
  149  12:29  Photon Cannon  
  149  12:33  Stalker x3  
  155  12:37  Photon Cannon  
  155  12:42  Photon Cannon  
  155  12:46  Stalker x2  
  155  12:48  Stalker  
  155  12:49  Stalker  
  155  12:51  Stalker  
  165  12:54  Disruptor  
  168  13:00  Probe  
  168  13:01  Probe x3  
  172  13:08  Zealot x3  
  178  13:15  Zealot x4  
  178  13:19  Stalker  
  188  13:24  Disruptor (Chrono Boost)  
  191  13:29  Disruptor (Chrono Boost)  
  194  13:38  Probe  
  194  13:39  Photon Cannon  
  195  13:41  Assimilator  
  195  13:45  Assimilator  
  193  13:52  Disruptor (Chrono Boost)  
  193  13:55  Disruptor (Chrono Boost)  
  191  13:56  Observer (Chrono Boost)  
  191  13:57  Photon Cannon  
  194  14:04  Photon Cannon  
  194  14:05  Photon Cannon  
  194  14:06  Pylon  
  194  14:12  Observer (Chrono Boost)  
  195  14:23  Disruptor  
  198  14:29  Disruptor  
  194  14:35  Disruptor  
  178  14:45  Stalker x7  
  182  14:50  Gateway  
  186  14:53  Photon Cannon  
  186  14:56  Gateway, Photon Cannon, Pylon  
  186  14:57  Shield Battery  
  186  15:02  Disruptor  
  186  15:05  Disruptor  
  175  15:10  Disruptor  
  175  15:11  Dark Templar x6  
  165  15:44  Pylon x2  
  165  15:45  Pylon x2  
  165  15:47  Pylon  
  165  15:49  Pylon  
  157  15:54  Stalker x2  
  157  15:55  Stalker x3  
  157  16:09  Nexus  
Show
View Real Time Build Order
Export as new Build Order

trigger Protoss 

Build Orders: Oracle Opening 

Get SALT Encoding   

  12  0:00  Probe  
  13  0:12  Probe  
  14  0:19  Pylon  
  14  0:24  Probe (Chrono Boost)  
  15  0:37  Gateway, Probe (Chrono Boost)  
  16  0:45  Probe (Chrono Boost)  
  16  0:46  Assimilator  
  17  0:52  Probe (Chrono Boost)  
  19  1:04  Probe (Chrono Boost)  
  19  1:13  Probe (Chrono Boost)  
  19  1:16  Pylon  
  19  1:18  Probe, Assimilator  
  20  1:24  Cybernetics Core  
  21  1:30  Probe  
  22  1:34  Zealot  
  24  1:42  Probe  
  25  1:54  Probe  
  26  2:05  Stargate  
  26  2:14  Nexus  
  26  2:22  Stalker  
  28  2:27  Probe  
  29  2:33  Pylon  
  29  2:39  Probe  
  29  2:43  Warp Gate  
  30  2:48  Oracle (Chrono Boost)  
  33  2:56  Probe  
  35  3:07  Shield Battery  
  35  3:10  Probe  
  36  3:16  Oracle (Chrono Boost)  
  37  3:22  Probe  
  37  3:24  Shield Battery  
  38  3:28  Stalker  
  38  3:30  Probe (Chrono Boost)  
  42  3:42  Probe (Chrono Boost)  
  42  3:45  Probe (Chrono Boost)  
  43  3:49  Twilight Council  
  43  3:50  Probe (Chrono Boost)  
  43  3:51  Probe  
  45  3:56  Gateway  
  45  4:02  Probe  
  46  4:04  Pylon  
  46  4:05  Probe  
  47  4:19  Probe (Chrono Boost)  
  47  4:20  Gateway  
  47  4:21  Blink (Chrono Boost)  
  46  4:24  Probe (Chrono Boost)  
  46  4:28  Probe (Chrono Boost)  
  46  4:30  Gateway  
  48  4:32  Probe (Chrono Boost)  
  48  4:34  Stalker  
  48  4:36  Probe  
  51  4:48  Probe  
  51  4:51  Stalker  
  54  4:54  Probe  
  54  4:56  Pylon  
  54  5:00  Stalker  
  56  5:13  Probe x2  
  58  5:15  Stalker x2  
  58  5:19  Pylon  
  62  5:25  Stalker x2  
  66  5:32  Nexus  
  66  5:38  Stalker x2  
  70  5:47  Shield Battery, Assimilator  
  70  5:55  Stalker  
  71  5:58  Probe x2  
  70  6:10  Probe x2  
  68  6:22  Probe x2  
  68  6:24  Stalker  
  72  6:29  Zealot x2  
  76  6:34  Probe  
  76  6:35  Probe (Chrono Boost)  
  78  6:42  Shield Battery, Robotics Facility  
  78  6:46  Probe x2 (Chrono Boost)  
  80  6:47  Probe (Chrono Boost)  
  81  6:56  Probe x3 (Chrono Boost)  
  81  6:57  Stalker  
  81  7:00  Probe (Chrono Boost)  
  81  7:01  Probe (Chrono Boost)  
  86  7:02  Stalker  
  86  7:03  Probe  
  90  7:12  Probe  
  90  7:13  Probe, Pylon  
  90  7:14  Pylon  
  90  7:15  Probe  
  93  7:22  Forge  
  93  7:28  Pylon  
  93  7:31  Observer (Chrono Boost), Probe  
  93  7:34  Stalker x3  
  93  7:35  Stalker  
  103  7:37  Probe  
  103  7:40  Probe  
  103  7:43  Probe  
  106  7:44  Immortal (Chrono Boost)  
  106  7:50  Protoss Ground Weapons Level 1, Pylon  
  110  7:51  Pylon  
  110  7:59  Charge (Chrono Boost), Pylon  
  110  8:01  Gateway  
  110  8:02  Gateway  
  110  8:12  Photon Cannon  
  110  8:19  Gateway  
  110  8:20  Warp Prism (Chrono Boost), Gateway  
  110  8:24  Gateway  
  112  8:27  Gateway  
  112  8:28  Pylon  
  112  8:32  Sentry x2  
  112  8:33  Zealot  
  112  8:34  Zealot  
  120  8:39  Pylon  
  120  8:47  Observer (Chrono Boost)  
  120  8:48  Pylon  
  121  8:55  Zealot x3  
  121  8:56  Zealot x2  
  121  8:58  Zealot  
  121  9:01  Pylon  
  133  9:06  Immortal  
  137  9:16  Zealot x2, Stalker x4  
  149  9:19  Zealot  
  142  9:35  Zealot x2  
  116  9:50  Zealot x4  
  116  9:51  Zealot x3  
  113  9:59  Stalker x2  
  99  10:08  Warp Prism (Chrono Boost)  
  99  10:10  Zealot  
  95  10:15  Stalker x7  
  101  10:23  Zealot x2  
  93  10:37  Stalker x2  
  93  10:38  Zealot, Stalker x3  
  93  10:39  Zealot  
  100  10:45  Zealot x3  
  106  10:55  Observer  
  103  11:01  Zealot x6  
  103  11:08  Zealot x3  
  97  11:12  Stalker  
  97  11:18  Assimilator x2  
  99  11:23  Protoss Ground Weapons Level 2 (Chrono Boost)  
  99  11:28  Assimilator  
  97  11:33  Robotics Bay  
  97  11:38  Photon Cannon  
  95  11:43  Zealot x2, Stalker x2  
  101  12:03  Stalker x5  
  111  12:10  Nexus  
  111  12:17  Disruptor (Chrono Boost)  
  111  12:22  Pylon  
  114  12:35  Pylon  
  114  12:39  Sentry  
  114  12:40  Robotics Facility  
  116  12:46  Disruptor (Chrono Boost)  
  116  12:47  Photon Cannon  
  116  12:49  Shield Battery  
  119  12:55  Photon Cannon  
  119  12:57  Zealot x4  
  127  13:17  Disruptor (Chrono Boost)  
  130  13:25  Stalker x6  
  142  13:29  Zealot  
  141  13:36  Disruptor (Chrono Boost)  
  145  13:41  Observer  
  145  13:46  Assimilator  
  145  13:48  Assimilator  
  127  13:59  Disruptor (Chrono Boost)  
  127  14:00  Stalker x4  
  138  14:08  Disruptor (Chrono Boost)  
  142  14:17  Probe  
  142  14:27  Stalker x4  
  142  14:28  Disruptor, Zealot x2  
  157  14:38  Zealot x3  
  156  14:48  Zealot  
  158  14:59  Stalker x3  
  162  15:03  Disruptor  
  148  15:11  Stalker x6  
  156  15:21  Zealot  
  136  15:39  Disruptor  
  136  15:42  Zealot x6  
  86  15:58  Zealot x2  
  88  16:10  Zealot x3  
Tags
 
Add a new tag
Caveats
  • Supply blocks, unpowered buildings, or Contaminate may cause inaccurate times.
  • Supply counts are checked every 10 seconds.